Map: Sludge City

Players

PengWin

  • Race: Zerg Zerg
  • League: Master
  • Spawn Location: 11:00

Smile

  • Race: Terran Terran
  • Spawn Location: 9:00

True - Winner!

  • Race: Zerg Zerg
  • League: Grandmaster
  • Spawn Location: 5:00

CranK - Winner!

  • Race: Protoss Protoss
  • Spawn Location: 5:00

VOD

Have the link to the VOD?

Description

Time

  • Played on: Aug. 23, 2016, 12:17 p.m.
  • Length: 6:36
Show
View Real Time Build Order
Export as new Build Order

PengWin Zerg 

Build Orders: Hatch First 

Get SALT Encoding   

  12  0:01  Drone  
  13  0:13  Overlord  
  13  0:18  Drone  
  14  0:36  Drone x3  
  17  0:54  Hatchery  
  16  0:57  Drone  
  16  1:00  Drone  
  16  1:02  Extractor  
  17  1:16  Spawning Pool  
  16  1:21  Drone  
  16  1:23  Drone  
  18  1:30  Drone  
  19  1:40  Overlord  
  19  2:03  Metabolic Boost  
  19  2:04  Queen  
  21  2:08  Queen  
  23  2:16  Drone  
  23  2:18  Drone  
  23  2:20  Zergling x4  
  27  2:25  Zergling x2  
  28  2:32  Baneling Nest  
  28  2:36  Zergling x4  
  29  2:50  Zergling x6  
  33  2:58  Zergling x2  
  33  3:00  Overlord  
  33  3:03  Overlord  
  33  3:13  Zergling x6  
  36  3:21  Zergling x10  
  41  3:34  Baneling x2  
  40  3:47  Zergling x14  
  40  3:57  Zergling x8  
  40  4:09  Baneling x2  
  40  4:11  Zergling x6  
  36  4:31  Drone x4  
  36  4:37  Evolution Chamber  
  38  4:47  Drone  
  38  4:48  Drone  
  40  4:55  Zergling x16  
  44  5:14  Baneling  
  44  5:15  Baneling  
  44  5:20  Zergling x2  
  44  5:21  Zergling x2  
  44  5:23  Overlord  
  44  5:24  Overlord  
  42  5:32  Zergling x4  
  33  5:50  Zergling x16  
  30  5:57  Zergling x2  
  30  5:58  Zergling x8  
Show
View Real Time Build Order
Export as new Build Order

Smile Terran 

Build Orders: Hellion Opening 

Get SALT Encoding   

  12  0:00  SCV  
  13  0:13  SCV  
  14  0:19  Supply Depot  
  14  0:25  SCV  
  15  0:29  Refinery  
  15  0:40  SCV  
  16  0:45  Barracks  
  16  0:52  SCV  
  17  1:05  SCV  
  18  1:17  SCV  
  19  1:22  Refinery  
  20  1:33  Factory  
  20  1:35  Orbital Command  
  19  1:42  Supply Depot  
  19  1:47  Barracks Reactor  
  19  2:02  SCV  
  20  2:11  Factory  
  20  2:14  SCV  
  21  2:24  Supply Depot  
  21  2:27  SCV  
  22  2:31  Hellion  
  22  2:32  Hellion, Barracks Tech Lab  
  26  2:39  SCV  
  27  2:51  SCV  
  27  2:53  Hellion x2  
  32  3:00  Supply Depot  
  32  3:09  SCV  
  32  3:11  Cyclone  
  37  3:21  Hellion  
  37  3:22  Hellion  
  42  3:34  SCV  
  42  3:53  Hellion x3  
  42  3:56  SCV  
  41  4:14  Hellion x3  
  39  4:27  SCV  
  39  4:28  Infernal Pre-Igniter  
  40  4:35  Hellion  
  40  4:38  Hellion  
  44  4:41  Command Center  
  44  4:44  SCV  
  45  4:46  Hellion  
  41  5:07  Siege Tank  
  41  5:10  Widow Mine x2  
  46  5:17  SCV  
  46  5:21  Barracks Tech Lab  
  46  5:46  Hellion  
  46  5:49  Siege Tank  
  46  6:06  Hellion  
Show
View Real Time Build Order
Export as new Build Order

True Zerg - Winner!

Build Orders: Hatch First 

Get SALT Encoding   

  12  0:01  Drone  
  13  0:14  Overlord  
  13  0:18  Drone  
  14  0:33  Drone x2  
  16  0:37  Drone  
  17  0:59  Hatchery  
  17  1:02  Drone  
  17  1:09  Spawning Pool  
  16  1:13  Extractor  
  16  1:14  Drone  
  16  1:18  Drone  
  17  1:21  Drone  
  18  1:31  Drone  
  19  1:41  Overlord  
  19  1:55  Queen  
  19  1:58  Zergling x2  
  22  2:11  Queen  
  22  2:13  Metabolic Boost  
  22  2:15  Zergling x4  
  26  2:18  Zergling x2  
  27  2:30  Overlord  
  27  2:31  Drone  
  27  2:32  Drone  
  27  2:34  Drone  
  30  2:42  Drone  
  31  2:44  Drone  
  32  2:53  Drone  
  33  3:02  Baneling Nest  
  32  3:11  Zergling x2  
  32  3:12  Zergling x8  
  37  3:15  Zergling x2  
  37  3:17  Zergling x2  
  37  3:18  Extractor  
  38  3:21  Zergling x4  
  38  3:23  Zergling x2  
  42  3:27  Hatchery  
  42  3:34  Overlord  
  41  3:36  Zergling x2  
  41  3:37  Zergling x4  
  43  3:53  Overlord  
  43  3:54  Zergling x2  
  44  3:57  Overlord  
  44  3:59  Zergling x2  
  44  4:00  Zergling x2  
  44  4:01  Zergling x2  
  40  4:03  Zergling x4  
  40  4:06  Zergling x2  
  41  4:11  Zergling x2  
  41  4:15  Zergling x2  
  42  4:22  Zergling x2  
  40  4:26  Zergling x2  
  40  4:28  Zergling x2  
  40  4:29  Zergling x4  
  40  4:30  Zergling x2  
  40  4:31  Zergling x2  
  45  4:33  Zergling x2  
  45  4:35  Baneling  
  45  4:36  Baneling  
  46  4:39  Zergling x2  
  46  4:40  Queen  
  46  4:44  Zergling x2  
  49  4:49  Zergling x2  
  49  4:52  Hatchery  
  49  4:54  Zergling x2  
  47  5:00  Zergling x2  
  47  5:01  Zergling x4  
  47  5:05  Zergling x2  
  49  5:11  Zergling x2  
  49  5:13  Baneling x2  
  49  5:18  Zergling x2  
  50  5:22  Zergling x2  
  50  5:26  Zergling x2  
  52  5:29  Baneling x9  
  52  5:32  Zergling x2  
  52  5:33  Zergling x4  
  52  5:34  Zergling x2  
  54  5:37  Zergling x2  
  54  5:48  Zergling x2  
  54  5:49  Zergling x2  
  40  5:58  Zergling x2  
  40  6:00  Zergling x2  
  38  6:04  Zergling x2  
  38  6:05  Zergling x12  
Show
View Real Time Build Order
Export as new Build Order

CranK Protoss - Winner!

Build Orders: Blink Stalkers 

Get SALT Encoding   

  12  0:01  Probe (Chrono Boost)  
  13  0:11  Probe (Chrono Boost)  
  14  0:19  Pylon  
  14  0:22  Probe (Chrono Boost)  
  15  0:38  Probe (Chrono Boost)  
  15  0:40  Gateway  
  16  0:48  Probe (Chrono Boost)  
  17  0:51  Assimilator  
  17  0:55  Assimilator  
  17  0:59  Probe (Chrono Boost)  
  18  1:09  Probe (Chrono Boost)  
  19  1:20  Probe (Chrono Boost), Gateway  
  20  1:29  Cybernetics Core  
  20  1:30  Probe (Chrono Boost)  
  21  1:41  Probe (Chrono Boost)  
  22  1:47  Pylon  
  22  1:51  Probe (Chrono Boost)  
  23  2:05  Probe (Chrono Boost)  
  23  2:07  Adept x2  
  23  2:08  Warp Gate  
  28  2:14  Twilight Council  
  28  2:17  Probe (Chrono Boost)  
  29  2:37  Pylon  
  30  2:44  Probe (Chrono Boost)  
  30  2:50  Blink (Chrono Boost)  
  30  3:01  Gateway  
  30  3:02  Gateway  
  32  3:05  Mothership Core  
  32  3:19  Robotics Facility  
  32  3:28  Stalker  
  32  3:29  Stalker  
  36  3:37  Pylon  
  33  3:52  Probe  
  34  4:10  Stalker x3  
  34  4:11  Pylon  
  34  4:14  Stalker  
  34  4:16  Observer (Chrono Boost)  
  43  4:37  Warp Prism (Chrono Boost)  
  45  4:39  Stalker x2  
  49  4:48  Stalker  
  51  4:53  Stalker  
  53  5:36  Pylon  
  53  5:39  Pylon  
  53  5:41  Adept  
  53  5:51  Adept  
  53  5:57  Adept x2  
Tags
 
Add a new tag
Caveats
  • Supply blocks, unpowered buildings, or Contaminate may cause inaccurate times.
  • Supply counts are checked every 10 seconds.